AoeStats
← Sargas

Acropolis

503294391Analyzed
1v1 RM · 1mo ago on Aug 31, 2026· 17m 36s· 2 players
Game mode
Random Map
Map size
Tiny (2 player)
Population
200
Speed
Normal
Resources
Standard
Victory
Conquest
Starting age
Dark Age
Ending age
Imperial Age
RankedLock teamsTeams togetherTeam positionsShared explorationLock speedFull tech treeHidden civsTurbo modeCheats
Victory
Defeat
🇨🇱 Celts · Chile
587
+21
🇨🇱 Franks · Chile
586
-16
gpalma.azua
2:23 Loom
11:10 Feudal Age
14:51 Wheelbarrow
Sargas
7:15 Loom
11:39 Feudal Age
14:12 Double-Bit Axe
14:17 Horse Collar
14:28 Town Watch
16:09 Gold Mining
18:40 Castle Age
Connection lost

Rejoining the realm…

Still unreachable

The connection could not be restored.

Session expired

The server has moved on; the page needs a fresh start.